Construct Section Command Post
Construct Platoon Command Post
Selects Air and Sea Battlegroup
Unlock Bishop Self-propelled Artillery
Bishop Self-propelled Artillery
Bishop Self-propelled Artillery
Construct Field Infirmary
6-pounder Anti-tank Gun Team
Selects Commando Section Paradrop
Selects Commando Support Section Paradrop
Bishop Self-propelled Artillery
Construct Field Infirmary
Construct Company Command Post
Selects Anti-tank Rocket Loiter
Unlock Towed 17-pounder Anti-tank Guns
17-pounder Anti-tank Gun Team
Unlock M3 Grant Medium Tanks
Selects Centaur Medium Tank